[Event "EICC 2017"]
[Site "Minsk"]
[Date "2017.06.09"]
[Round "10"]
[White "Ragger, Markus"]
[Black "Galliamova, Alisa"]
[Result "1-0"]
[ECO "C45"]
[WhiteElo "2680"]
[BlackElo "2456"]
[Annotator "RC"]
[PlyCount "91"]
[EventDate "2017.??.??"]
[EventCountry "BLR"]
[SourceTitle "playchess.com"]
[Source "ChessBase"]
[SourceQuality "1"]
[TimeControl "40/5400+30:1800+30"]

1. e4 e5 2. Nf3 Nc6 3. d4 exd4 4. Nxd4 Bc5 5. Nb3 Bb6 6. Nc3 Nf6 7. Bg5 h6 8. Bh4 O-O 9. Bd3 Re8 10. O-O d6 11. a4 g5 12. Bg3 Bg4 13. Qd2 a6 14. Kh1 Be6 15. Rae1 Ne5 16. Be2 Bxb3 17. cxb3 Ng6 18. Bc4 Ne5 19. f4 Nxc4 20. bxc4 Ba5 21. fxg5 Bxc3 22. bxc3 Nxe4 23. Qf4 Nxg5 24. h4 Rxe1 25. Bxe1 Nh7 26. Qxf7+ Kh8 27. c5 Qf8 28. c4 Qg7 29. Qf3 Rf8 30. Bc3 Rxf3 31. Rxf3 dxc5 32. Bxg7+ Kxg7 33. a5 b6 34. axb6 cxb6 35. Rb3 b5 36. cxb5 axb5 37. Rxb5 Nf6 38. Rxc5 Kg6 39. Kh2 Kg7 40. Ra5 Kg6 41. Kg3 Nh5+ 42. Kf3 Nf6 43. g4 Kg7 44. Kf4 Ng8 45. Ke5 Kg6 46. Ke6 1-0